 Dungeon Crawl Stone Soup version 0.31-a0-331-geda263fcf1 (webtiles) character file.

Game seed: 6738864973917813426

159 BrainTurd the Skirmisher (level 5, -5/30 HPs)
             Began as a Kobold Hunter on July 20, 2023.
             Slain by a gnoll
             ... wielding a +0 spear
              (8 damage)
             ... on level 3 of the Dungeon.
             The game lasted 00:08:28 (1787 turns).

BrainTurd the Skirmisher (Kobold Hunter)            Turns: 1787, Time: 00:08:29

Health: -5/30      AC:  3    Str:  9    XL:     5   Next: 68%
Magic:  5/5        EV: 14    Int: 10    God:
Gold:   164        SH:  0    Dex: 20    Spells: 4/4 levels left

rFire   . . .        a - +0 shortbow
rCold   . . .        (shield currently unavailable)
rNeg    . . .        c - +0 leather armour
rPois   .            (no helmet)
rElec   .            (no cloak)
rCorr   .            (no gloves)
SInv    .            (no boots)
Will    .....        j - amulet of faith
Stlth   +++          (no ring)
HPRegen 0.25/turn    (no ring)
MPRegen 0.09/turn

%: faith
@: no status effects
A: small, no large weapons, nightstalker 3
a: no special abilities


You were on level 3 of the Dungeon.
You visited 1 branch of the dungeon, and saw 3 of its levels.

You collected 164 gold pieces.

Inventory:

Hand Weapons
 a - a +0 shortbow (weapon)
 e - a +0 sling
Missiles
 o - 2 boomerangs
Armour
 c - a +0 leather armour (worn)
Jewellery
 j - an amulet of faith (around neck)
Scrolls
 b - a scroll of butterflies
 g - a scroll of brand weapon {unknown}
 h - 2 scrolls of identify {unknown}
 i - a scroll of fear {unknown}
 m - a scroll of immolation {unknown}
 p - a scroll of blinking {unknown}
Potions
 d - a potion of resistance {unknown}
 f - a potion of brilliance {unknown}
 k - a potion of magic {unknown}
 l - 2 potions of attraction {unknown}
 n - a potion of invisibility {unknown}


   Skills:
 - Level 2.1 Fighting
 + Level 8.6 Ranged Weapons
 - Level 2.4 Dodging
 - Level 1.3 Stealth


You had 4 spell levels left.
You didn't know any spells.
Your spell library was empty.

Dungeon Overview and Level Annotations

Branches:
Dungeon (3/15)

Altars:
Dithmenos


Innate Abilities, Weirdness & Mutations

You are small and have problems with some larger weapons.
You are completely attuned to the shadows.


Message History

You shoot an arrow. The arrow hits the adder.
The adder is severely wounded.
The adder bites you.
You are poisoned.
The adder poisons you!
You shoot an arrow. The arrow closely misses the adder.
The arrow hits the adder!
You kill the adder!
You feel sick. The adder bites you. The adder completely misses you.
You shoot an arrow. The arrow barely misses the adder.
The arrow hits the endoplasm but does no damage.
The endoplasm is heavily wounded.
You feel sick. The adder completely misses you.
You shoot an arrow. The arrow closely misses the adder.
The arrow hits the endoplasm.
You kill the endoplasm!
You feel sick. The adder misses you.
You shoot an arrow. The arrow misses the adder.
The arrow hits the gnoll!
You kill the gnoll!
You feel sick. The adder barely misses you. The adder closely misses you.
Unknown command.
You shoot an arrow. The arrow closely misses the adder.
The arrow hits the gnoll!
The gnoll is severely wounded.
You feel sick.
You are no longer poisoned.
The adder completely misses you.
You shoot an arrow. The arrow hits the adder.
You kill the adder!
The gnoll hits you from afar with a +0 spear.
* * * LOW HITPOINT WARNING * * *
A gnoll comes into view. It is wielding a +0 spear.
Fire: a) +0 shortbow
Press: ? - help, Q - select action, (/) - cycle Shift-Dir - straight line, f - gnoll
Aim: a gnoll, wielding a +0 spear (severely wounded, 70% to hit)
You shoot an arrow. The arrow closely misses the gnoll.
The arrow barely misses the gnoll.
The gnoll hits you but does no damage.
The gnoll hits you from afar with a +0 spear!
You die...

# #.# #.# #
#.##### #
#.....# #
#####.# # #.#
# #.# #.# #.#
#@# #.....#.#
#..#..#g#
.....#g###
#..##...# !.
#......#
..###..##..#
#..#g.###....
#....g##..##.


You could see 2 gnolls.

Vanquished Creatures
  Natasha (D:3)
  5 adders
  2 gnolls
  2 dart slugs (D:1)
  4 orcs (D:3)
  3 ball pythons
  9 endoplasms
  A giant cockroach (D:2)
  6 goblins
  4 hobgoblins (D:1)
  5 kobolds
  5 quokkas
  4 bats (D:1)
  3 frilled lizards
  5 rats (D:1)
59 creatures vanquished.

Notes
Turn   | Place    | Note
-------+----------+-------------------------------------------
     0 | D:1      | BrainTurd the Kobold Hunter began the quest for the Orb.
     0 | D:1      | Reached XP level 1. HP: 12/12 MP: 1/1
    74 | D:1      | Reached XP level 2. HP: 17/17 MP: 2/2
   105 | D:1      | Reached skill level 6 in Ranged Weapons
   202 | D:1      | Reached XP level 3. HP: 6/21 MP: 3/3
   536 | D:1      | Reached skill level 7 in Ranged Weapons
   572 | D:1      | Reached XP level 4. HP: 26/26 MP: 4/4
  1629 | D:3      | Reached XP level 5. HP: 22/30 MP: 5/5
  1694 | D:3      | Noticed Natasha
  1700 | D:3      | Killed Natasha
  1701 | D:3      | Reached skill level 8 in Ranged Weapons
  1753 | D:3      | Found a shadowy altar of Dithmenos.
  1787 | D:3      | Slain by a gnoll

Illustrated notes

Levels and vault maps discovered:
D:1:      kennysheep_arrival_forest, layout_basic
D:2:      layout_loops_ring, minmay_misc_feat_tower, grunt_ministairs_5,
          item_on_display_b
D:3:      layout_basic, nicolae_dithmenos_shadow_blocks, uniq_natasha

Skill      XL: |  1  2  3  4  5 |
---------------+----------------+-----
Ranged Weapons | 6 7 8 |  8.6
Fighting       | |  2.1
Dodging        | |  2.4
Stealth        | |  1.3

Action                     |  1- 3 |  4- 6 || total
---------------------------+-------+-------++-------
   Fire: Shortbow          |    89 |    76 ||   165
 Armour: Leather armour    |    18 |     5 ||    23
  Dodge: Dodged            |    51 |    37 ||    88

Table legend: (Time is in decaauts)
 A = Elapsed time spent in this place.
 B = Non-inter-level travel time spent in this place.
 C = Inter-level travel time spent in this place.
 D = Time resting spent in this place.
 E = Time spent auto-exploring this place.
 F = Levels seen in this place.
 G = Mean time per level.
                   A        B        C        D        E       F      G
               +--------+--------+--------+--------+--------+-----+--------+
         Total |   1804 |   1646 |    158 |      2 |   1319 |   3 |  601.3 |
       Dungeon |   1804 |   1646 |    158 |      2 |   1319 |   3 |  601.3 |
               +--------+--------+--------+--------+--------+-----+--------+

Top non-repeatable levels by time:
     D:2: 798 daAuts
     D:1: 793 daAuts
     D:3: 211 daAuts
